3L
BROOKLYN DODGERS @ SEATTLE AVIATORS
08/06/2024
 
TOP OF THE 1ST
Brooklyn Dodgers batting - Pitching for Seattle Aviators : RHP Eduardo Molina
Pitching: RHP Eduardo Molina
Batting: LHB Ron Bascombe 0-0: SINGLE (Groundball, 34D)
Batting: RHB Thom Wilcox 0-0: Called Strike
0-1: Ball
1-1: Foul Ball, location: 2F
1-2: Foul Ball, location: 2F
1-2: Foul Ball, location: 2F
1-2: Foul Ball, location: 2F
1-2: Grounds into double play, 6-4-3 (Groundball, 6)
Batting: SHB Leonard O'Connor 0-0: Ball
1-0: Foul Ball, location: 2F
1-1: Swinging Strike
1-2: Ball
2-2: Foul Ball, location: 2F
2-2: Ball
3-2: Base on Balls
Batting: RHB Chris Teague 0-0: Called Strike
0-1: Swinging Strike
0-2: Ball
1-2: Foul Ball, location: 2F
1-2: Strikes out swinging
Top of the 1st over - 0 run(s), 1 hit(s), 0 error(s), 1 left on base; Brooklyn 0 - Seattle 0
BOTTOM OF THE 1ST
Seattle Aviators batting - Pitching for Brooklyn Dodgers : LHP Addie Samson
Pitching: LHP Addie Samson
Batting: RHB Vernon Caw 0-0: Ball
1-0: Ground out 6-3 (Groundball, 6M)
Batting: RHB Tynan Hawkins 0-0: Ground out 6-3 (Groundball, 6M)
Batting: LHB Ramón García 0-0: Fly out, F7 (Flyball, 78D)
Bottom of the 1st over - 0 run(s), 0 hit(s), 0 error(s), 0 left on base; Brooklyn 0 - Seattle 0
TOP OF THE 2ND
Brooklyn Dodgers batting - Pitching for Seattle Aviators : RHP Eduardo Molina
Batting: LHB Avon Barksdale 0-0: Ball
1-0: Ball
2-0: Called Strike
2-1: Ground out U3 (Groundball, 3L)
Batting: RHB Gustavo Mateo 0-0: Ground out 6-3 (Groundball, 6)
Batting: RHB Josh Stafford 0-0: Ball
1-0: Ground out 6-3 (Groundball, 6MD)
Top of the 2nd over - 0 run(s), 0 hit(s), 0 error(s), 0 left on base; Brooklyn 0 - Seattle 0
BOTTOM OF THE 2ND
Seattle Aviators batting - Pitching for Brooklyn Dodgers : LHP Addie Samson
Batting: RHB Sean Davis 0-0: Ball
1-0: Ball
2-0: Foul Ball, location: 2F
2-1: Ball
3-1: Called Strike
3-2: Foul Ball, location: 2F
3-2: Base on Balls
Batting: RHB Clarence Fox 0-0: Called Strike
0-1: Called Strike
0-2: Ball
1-2: Ball
2-2: Foul Ball, location: 2F
2-2: SINGLE (Groundball, 6MD)
Sean Davis to second
Batting: LHB Jorge Mojica 0-0: Ground out 4-3 (Groundball, 4M)
Sean Davis to third
Clarence Fox to second
Batting: RHB Jay Parker 0-0: Ball
1-0: Called Strike
1-1: Ball
2-1: SINGLE (Groundball, 34D)
Sean Davis scores
Clarence Fox to third
Runner from 3rd tries for Home, SAFE, no throw or cutoff
Batting: RHB Brian Williams 0-0: Ball
Jay Parker steals 2nd base
1-0: Foul Ball, location: 2F
1-1: Swinging Strike
1-2: SINGLE (Line Drive, 34)
Jay Parker to third
Batting: RHB Kenzaburo Hori 0-0: Ball
1-0: Called Strike
1-1: Ball
2-1: Swinging Strike
2-2: Ball
3-2: Ground out 3-1 (Groundball, 34)
Jay Parker scores
Brian Williams to second
Batting: RHB Vernon Caw 0-0: Ball
1-0: Ground out 5-3 (Groundball, 5)
Bottom of the 2nd over - 3 run(s), 3 hit(s), 0 error(s), 1 left on base; Brooklyn 0 - Seattle 3
TOP OF THE 3RD
Brooklyn Dodgers batting - Pitching for Seattle Aviators : RHP Eduardo Molina
Batting: RHB Tony Justice 0-0: Foul Ball, location: 2F
0-1: Called Strike
0-2: Strikes out swinging
Batting: RHB Vincent Crane 0-0: Foul Ball, location: 2F
0-1: Ball
1-1: Ball
2-1: Ball
3-1: Foul Ball, location: 2F
3-2: Fly out, F4 (Popup, 4D)
Batting: LHB Ron Bascombe 0-0: Called Strike
0-1: Fly out, F9 (Flyball, 9M)
Top of the 3rd over - 0 run(s), 0 hit(s), 0 error(s), 0 left on base; Brooklyn 0 - Seattle 3
BOTTOM OF THE 3RD
Seattle Aviators batting - Pitching for Brooklyn Dodgers : LHP Addie Samson
Batting: RHB Tynan Hawkins 0-0: Ball
1-0: Called Strike
1-1: Ball
2-1: Foul Ball, location: 2F
2-2: Strikes out looking
Batting: LHB Ramón García 0-0: Called Strike
0-1: Ball
1-1: Swinging Strike
1-2: Strikes out swinging
Batting: RHB Sean Davis 0-0: Swinging Strike
0-1: Ball
1-1: Ground out 5-3 (Groundball, 56)
Bottom of the 3rd over - 0 run(s), 0 hit(s), 0 error(s), 0 left on base; Brooklyn 0 - Seattle 3
TOP OF THE 4TH
Brooklyn Dodgers batting - Pitching for Seattle Aviators : RHP Eduardo Molina
Batting: RHB Thom Wilcox 0-0: Called Strike
0-1: Ball
1-1: Foul Ball, location: 2F
1-2: Fly out, F8 (Flyball, 8RD)
Batting: SHB Leonard O'Connor 0-0: Called Strike
0-1: Called Strike
0-2: Fly out, F7 (Flyball, 7LM)
Batting: RHB Chris Teague 0-0: Called Strike
0-1: Foul Ball, location: 2F
0-2: Ball
1-2: Ball
2-2: Ground out 5-3 (Groundball, 5S)
Top of the 4th over - 0 run(s), 0 hit(s), 0 error(s), 0 left on base; Brooklyn 0 - Seattle 3
BOTTOM OF THE 4TH
Seattle Aviators batting - Pitching for Brooklyn Dodgers : LHP Addie Samson
Batting: RHB Clarence Fox 0-0: Ball
1-0: SINGLE (Groundball, 5D)
Batting: LHB Jorge Mojica 0-0: Called Strike
0-1: Foul Ball, location: 2F
0-2: Ground out 4-3 (Groundball, 4M)
Clarence Fox to second
Batting: RHB Jay Parker 0-0: Ball
1-0: Called Strike
1-1: Foul Ball, location: 2F
1-2: Foul Ball, location: 2F
1-2: Strikes out looking
Batting: RHB Brian Williams 0-0: Called Strike
0-1: Called Strike
0-2: Ball
1-2: Ball
2-2: Ball
3-2: Foul Ball, location: 2F
3-2: Fly out, F5 (Line Drive, 5)
Bottom of the 4th over - 0 run(s), 1 hit(s), 0 error(s), 1 left on base; Brooklyn 0 - Seattle 3
TOP OF THE 5TH
Brooklyn Dodgers batting - Pitching for Seattle Aviators : RHP Eduardo Molina
Batting: LHB Avon Barksdale 0-0: Ball
1-0: Ground out 4-3 (Groundball, 4)
Batting: RHB Gustavo Mateo 0-0: Called Strike
0-1: Ball
1-1: Called Strike
1-2: Ball
2-2: Fly out, F8 (Flyball, 8LD)
Batting: RHB Josh Stafford 0-0: Called Strike
0-1: Ball
1-1: Ball
2-1: Foul Ball, location: 2F
2-2: Strikes out swinging
Top of the 5th over - 0 run(s), 0 hit(s), 0 error(s), 0 left on base; Brooklyn 0 - Seattle 3
BOTTOM OF THE 5TH
Seattle Aviators batting - Pitching for Brooklyn Dodgers : LHP Addie Samson
Batting: RHB Kenzaburo Hori 0-0: Ball
1-0: Called Strike
1-1: Called Strike
1-2: Ball
2-2: Foul Ball, location: 2F
2-2: SINGLE (Groundball, 15) (infield hit)
Batting: RHB Vernon Caw 0-0: Ball
1-0: Ball
2-0: Bunted foul
2-1: Ball
3-1: Sac Bunt - play at first, batter OUT! 5-4
Kenzaburo Hori to second
Batting: RHB Tynan Hawkins 0-0: Ball
1-0: Foul Ball, location: 2F
1-1: Swinging Strike
1-2: Ground out 1-3 (Groundball, 15S)
Batting: LHB Ramón García 0-0: Foul Ball, location: 2F
0-1: Swinging Strike
0-2: Foul Ball, location: 2F
0-2: Ground out 3-1 (Groundball, 34)
Bottom of the 5th over - 0 run(s), 1 hit(s), 0 error(s), 1 left on base; Brooklyn 0 - Seattle 3
TOP OF THE 6TH
Brooklyn Dodgers batting - Pitching for Seattle Aviators : RHP Eduardo Molina
Batting: RHB Tony Justice 0-0: Ball
1-0: Ball
2-0: Called Strike
2-1: Called Strike
2-2: Foul Ball, location: 2F
2-2: Ball
3-2: Ground out 5-3 (Groundball, 5S)
Batting: RHB Vincent Crane 0-0: SINGLE (Line Drive, 4D)
Batting: LHB Ron Bascombe 0-0: DOUBLE (Line Drive, 3L)
Vincent Crane to third
Vincent Crane scores
Batting: RHB Thom Wilcox 0-0: Ball
1-0: Ball
2-0: Ball
3-0: Called Strike
3-1: Base on Balls
Batting: SHB Leonard O'Connor 0-0: Ball
1-0: Ball
2-0: DOUBLE (Line Drive, 8RS)
Ron Bascombe scores
Thom Wilcox to third
Runner from 3rd tries for Home, SAFE, throw made home
Batting: RHB Chris Teague 0-0: Ball
1-0: Fly out, F2 (Popup, 2RF)
Batting: LHB Avon Barksdale 0-0: Ball
1-0: Swinging Strike
1-1: Foul Ball, location: 2F
1-2: Foul Ball, location: 2F
1-2: Foul Ball, location: 2F
1-2: Strikes out swinging
Top of the 6th over - 3 run(s), 3 hit(s), 0 error(s), 1 left on base; Brooklyn 3 - Seattle 3
BOTTOM OF THE 6TH
Seattle Aviators batting - Pitching for Brooklyn Dodgers : LHP Addie Samson
Batting: RHB Sean Davis 0-0: Swinging Strike
0-1: Foul Ball, location: 2F
0-2: Ball
1-2: Strikes out looking
Batting: RHB Clarence Fox 0-0: Called Strike
0-1: Ball
1-1: Ball
2-1: Foul Ball, location: 2F
2-2: Foul Ball, location: 2F
2-2: Foul Ball, location: 2F
2-2: Ball
3-2: Strikes out swinging
Batting: LHB Jorge Mojica 0-0: Ball
1-0: Foul Ball, location: 2F
1-1: Foul Ball, location: 2F
1-2: Foul Ball, location: 2F
1-2: Ball
2-2: Fly out, F4 (Popup, 9LS)
Bottom of the 6th over - 0 run(s), 0 hit(s), 0 error(s), 0 left on base; Brooklyn 3 - Seattle 3
TOP OF THE 7TH
Brooklyn Dodgers batting - Pitching for Seattle Aviators : RHP Eduardo Molina
Batting: RHB Gustavo Mateo 0-0: Called Strike
0-1: Ball
1-1: Ball
2-1: Called Strike
2-2: Foul Ball, location: 2F
2-2: Ground out 1-3 (Groundball, 15S)
Pinch Hitting: SHB Juan Rivas 0-0: Ball
1-0: Ground out U3 (Groundball, 3S)
Batting: RHB Tony Justice 0-0: Foul Ball, location: 2F
0-1: Ball
1-1: Foul Ball, location: 2F
1-2: Strikes out swinging
Top of the 7th over - 0 run(s), 0 hit(s), 0 error(s), 0 left on base; Brooklyn 3 - Seattle 3
BOTTOM OF THE 7TH
Seattle Aviators batting - Pitching for Brooklyn Dodgers : LHP Addie Samson
Now in LF: Juan Rivas
Batting: RHB Jay Parker 0-0: Swinging Strike
0-1: Ball
1-1: Ball
2-1: Called Strike
2-2: Ball
3-2: Fly out, F4 (Popup, 4MS)
Batting: RHB Brian Williams 0-0: Ball
1-0: Ball
2-0: Swinging Strike
2-1: Ground out 6-3 (Groundball, 6)
Batting: RHB Kenzaburo Hori 0-0: Ball
1-0: Swinging Strike
1-1: Foul Ball, location: 2F
1-2: Foul Ball, location: 2F
1-2: Ball
2-2: Foul Ball, location: 2F
2-2: SINGLE (Groundball, 4M)
Pitching: RHP Folkert van Huizen
Batting: RHB Vernon Caw 0-0: Ball
1-0: Swinging Strike
1-1: Ball
2-1: Swinging Strike
2-2: Foul Ball, location: 2F
2-2: Foul Ball, location: 2F
2-2: Ball
3-2: SINGLE (Groundball, 56D)
Kenzaburo Hori to second
Kenzaburo Hori to third
Batting: RHB Tynan Hawkins 0-0: Called Strike
0-1: Ball
1-1: SINGLE (Line Drive, 6MD)
Kenzaburo Hori scores
Vernon Caw to second
Runner from 2nd tries for 3rd, SAFE, throw made to third
Tynan Hawkins to second
Batting: LHB Ramón García 0-0: Called Strike
0-1: Reached on error, E4 (Groundball, 4)
Vernon Caw scores
Tynan Hawkins scores
Batting: RHB Sean Davis 0-0: Called Strike
0-1: Ball
1-1: Foul Ball, location: 2F
1-2: Ball
2-2: Ground out 1-3 (Groundball, 23)
Bottom of the 7th over - 3 run(s), 3 hit(s), 1 error(s), 1 left on base; Brooklyn 3 - Seattle 6
TOP OF THE 8TH
Brooklyn Dodgers batting - Pitching for Seattle Aviators : RHP Eduardo Molina
Batting: RHB Vincent Crane 0-0: Ground out 5-3 (Groundball, 5)
Batting: LHB Ron Bascombe 0-0: Ball
1-0: Ball
2-0: Ground out 2-3 (Groundball, 2R)
Batting: RHB Thom Wilcox 0-0: Ball
1-0: Called Strike
1-1: Ball
2-1: Ball
3-1: Base on Balls
Batting: SHB Leonard O'Connor 0-0: Foul Ball, location: 2F
0-1: Fly out, F7 (Flyball, 78M)
Top of the 8th over - 0 run(s), 0 hit(s), 0 error(s), 1 left on base; Brooklyn 3 - Seattle 6
BOTTOM OF THE 8TH
Seattle Aviators batting - Pitching for Brooklyn Dodgers : RHP Folkert van Huizen
Batting: RHB Clarence Fox 0-0: Swinging Strike
0-1: Ball
1-1: Ball
2-1: DOUBLE (Line Drive, 7LD)
Batting: LHB Jorge Mojica 0-0: Intentional Walk
Batting: RHB Jay Parker 0-0: Ball
1-0: Foul Ball, location: 2F
1-1: Swinging Strike
1-2: Ball
2-2: Ball
Wild Pitch!
Clarence Fox to third
Jorge Mojica to second
3-2: Base on Balls
Batting: RHB Brian Williams 0-0: Foul Ball, location: 2F
0-1: Fly out, F9 (Flyball, 89M)
Runner from 3rd tags up, SCORES, no throw
Pitching: RHP Barry Jones
Batting: RHB Kenzaburo Hori 0-0: Ball
1-0: Ball
2-0: Ball
3-0: Base on Balls
Jorge Mojica to third
Jay Parker to second
Batting: RHB Vernon Caw 0-0: Foul Ball, location: 2F
0-1: Foul Ball, location: 2F
0-2: Ball
1-2: Ball
2-2: Foul Ball, location: 2F
2-2: Ball
3-2: Strikes out swinging
Batting: RHB Tynan Hawkins 0-0: Called Strike
0-1: Swinging Strike
0-2: Ball
1-2: Foul Ball, location: 2F
1-2: Fly out, F9 (Flyball, 9M)
Bottom of the 8th over - 1 run(s), 1 hit(s), 0 error(s), 3 left on base; Brooklyn 3 - Seattle 7
TOP OF THE 9TH
Brooklyn Dodgers batting - Pitching for Seattle Aviators : RHP Eduardo Molina
Batting: RHB Chris Teague 0-0: Ball
1-0: Ground out 5-3 (Groundball, 5S)
Batting: LHB Avon Barksdale 0-0: Ball
1-0: Ball
2-0: Called Strike
2-1: Ball
3-1: Foul Ball, location: 2F
3-2: Ground out 4-3 (Groundball, 4)
Pitching: RHP Ken Hinkle
Batting: RHB Gustavo Mateo 0-0: Ball
1-0: Ball
2-0: Called Strike
2-1: Ground out 4-3 (Groundball, 4M)
Top of the 9th over - 0 run(s), 0 hit(s), 0 error(s), 0 left on base; Brooklyn 3 - Seattle 7
This league is powered by Out of the Park Baseball, the baseball management simulation game for PC, Mac and Linux
Monday, October 3rd, 2016 - OOTP Baseball 16.9 Build 39